 Dungeon Crawl Stone Soup version 0.30-a0-377-g5cb311bc9f (webtiles) character file.

Game seed: 12084789713449493121

1673 anonymouscript the Cutter (level 8, -1/61 HPs)
             Began as a Demonspawn Chaos Knight on Nov 29, 2022.
             Was a Plaything of Xom.
             Slain by a sixfirhy (7 damage)
             ... summoned by Xom
             ... on level 7 of the Dungeon.
             The game lasted 00:22:55 (4589 turns).

anonymouscript the Cutter (Demonspawn Chaos Knight) Turns: 4589, Time: 00:22:55

Health: -1/61      AC: 10    Str: 12 (13) XL:     8   Next: 70%
Magic:  8/8        EV: 13    Int: 12 (13) God:    Xom [......]
Gold:   208        SH:  0    Dex: 13      Spells: 7/7 levels left

rFire   . . .      SeeInvis +    a - +0 short sword (chaos)
rCold   . . .      Faith    .    (no shield)
rNeg    . . .      Spirit   .    b - +2 leather armour
rPois   .          Reflect  .    (helmet unavailable)
rElec   .          Harm     .    h - +0 cloak
rCorr   .          Rampage  .    (no gloves)
Will    +....                    (no boots)
Stlth   +++.......               (no amulet)
HPRegen 0.30/turn                v - +4 ring of protection
MPRegen 0.11/turn                s - +4 ring of slaying

@: no status effects
A: antennae 3, demonic guardian 1, spiny 1, clumsy 1, deterioration 1,
strong-willed 1, passive freeze, wild magic 1, sturdy frame 1
a: Renounce Religion


You were on level 7 of the Dungeon.
You worshipped Xom.
You were a very special plaything of Xom.
You visited 1 branch of the dungeon, and saw 7 of its levels.

You collected 288 gold pieces.
You spent 80 gold pieces at shops.

Inventory:

Hand Weapons
 a - a +0 short sword of chaos (weapon)
 y - a +0 rapier
 z - a +0 bardiche
 A - a +4 quarterstaff of chaos
 B - a +2 hammer of distortion
 C - a +0 long sword
 I - a +1 short sword of venom
Missiles
 d - 81 stones
 k - 3 boomerangs
 t - 2 silver javelins
Armour
 b - a +2 leather armour (worn)
 h - a +0 cloak (worn)
Jewellery
 e - a ring of positive energy
 g - a ring of resist corrosion
 n - a ring of ice
 q - a ring of ice
 s - a +4 ring of slaying (right hand)
 v - a +4 ring of protection (left hand)
Wands
 l - a wand of light (8)
 E - a wand of iceblast (2)
 F - a wand of flame (12) (quivered)
Scrolls
 f - 3 scrolls of identify
 i - 5 scrolls of teleportation {unknown}
 j - 2 scrolls of blinking
 m - a scroll of amnesia
 o - 2 scrolls of poison {unknown}
 p - 2 scrolls of fear
 u - 2 scrolls of torment
 x - a scroll of enchant weapon {unknown}
 D - a scroll of magic mapping {unknown}
 G - a scroll of immolation {unknown}
 H - a scroll of noise {unknown}
Potions
 r - 2 potions of heal wounds
 w - 2 potions of brilliance
Miscellaneous
 c - a piece from Xom's chessboard (15/15)


   Skills:
 + Level 4.9 Fighting
 + Level 6.3 Short Blades
 + Level 3.6 Armour
 + Level 4.4 Dodging
 * Level 5.2 Stealth
 + Level 0.6 Evocations


You had 7 spell levels left.
You didn't know any spells.
Your spell library contained the following spells:

 Spells                   Type           Power      Damage    Failure   Level
 Kiss of Death            Conj/Necr      0%         2d5       43%         1
 Cigotuvi's Dreadful Rot  Necr/Pois/Air  0%         N/A       54%         2
 Ensorcelled Hibernation  Hex/Ice        0%         N/A       54%         2
 Passwall                 Tmut/Erth      0%         N/A       54%         2
 Poisonous Vapours        Pois/Air       0%         N/A       54%         2
 Call Canine Familiar     Summ           0%         N/A       78%         3
 Confusing Touch          Hex            0%         N/A       78%         3
 Mephitic Cloud           Conj/Pois/Air  0%         N/A       78%         3
 Portal Projectile        Hex/Tloc       0%         N/A       78%         3
 Swiftness                Air            0%         N/A       78%         3
 Dispel Undead            Necr           0%         3d6       99%         4
 Leda's Liquefaction      Hex/Erth       0%         N/A       99%         4


Dungeon Overview and Level Annotations

Branches:
Dungeon (7/15)             Temple (0/1) D:5

Altars:
Ashenzari
Dithmenos
Nemelex Xobeh
Okawaru
Yredelemnul

Shops:
D:4 !

Annotations:
D:7 Pikel


Innate Abilities, Weirdness & Mutations

You have a pair of large antennae on your head. (SInv)
A weak demonic guardian rushes to your aid.
You are partially covered in sharp spines.
You are clumsy. (Dex -2)
Your body sometimes deteriorates upon taking damage.
You are strong-willed. (Will+)
A frigid envelope surrounds you and freezes all who hurt you.
Your spells are a little harder to cast, but a little more powerful.
Your movements are slightly less encumbered by armour. (ER -2)


Message History

Press: ? - help, Shift-Dir - straight line, f - gnoll bouda, p - gnoll
Aim: a gnoll bouda, wielding a +0 whip and wearing a +0 leather armour The mass of ice explodes!
The iceblast engulfs the gnoll!
You kill the gnoll!
The iceblast engulfs the lemure.
The lemure is lightly wounded.
The iceblast engulfs the gnoll bouda!
The gnoll bouda is heavily wounded.
Your attacks no longer feel as feeble.
You hit the lemure.
The lemure appears confused.
The lemure is lightly wounded. "Let's see if it's strong enough to survive yet."
Okay, then.
Blink to where?
Press: ? - help, Dir - move target, p - gnoll bouda
As you read the scroll of blinking, it crumbles to dust.
An orc comes into view. It is wielding a +0 club.
Found a trident.
The orc moves out of view.
The sixfirhy is struck by your spines. The sixfirhy misses you.
Okay, then.
The orc shouts!
An orc comes into view. It is wielding a +0 dagger.
An orc comes into view. It is wielding a +0 flail.
The orc shouts!
The sixfirhy hits you. The sixfirhy shocks you!
Your body deteriorates!
You feel weakened.
The sixfirhy is very cold.
The sixfirhy is lightly wounded.
The sixfirhy hits you! The sixfirhy shocks you!
The sixfirhy is very cold.
The sixfirhy is moderately wounded.
The sixfirhy hits you!
* * * LOW HITPOINT WARNING * * *
The sixfirhy shocks you!
* * * LOW HITPOINT WARNING * * *
Your body deteriorates!
You feel dopey.
A demonic guardian appears!
The sixfirhy is very cold.
The sixfirhy is heavily wounded.
The sixfirhy hits you!
You die... "What!?
That's it?"

##.....###.......####.####
#.......#..####### #.##
#.........###...# #..#
#.......### #...# ##.##
##### ##.....## #...#
#..####.... #.....# #...#
##..##..=.. ...###.#
#...#### ##.#...... ####
#.# ##..5...# #.#.34...
#.#####..#@.# #.#...... #.
.....o.3## #.#{.....
##.####.# ##.....)..
#..#######.gg...5..
##..##..{.5.#.{...):
#....{.######.{.K... {
#o....### #.......
#....... #{......
....####.# .[.......


You could see a sixfirhy (summoned, ally target), an orc and a friendly ufetubus
(summoned, wandering).

Vanquished Creatures
  A troll (D:6)
  A water moccasin (D:7)
  3 ice beasts
  A sky beast (D:6)
  An ogre (D:6)
  Blork the orc (D:4)
  2 bullfrogs
  A scorpion (D:5)
  A howler monkey (D:6)
  2 electric eels (D:6)
  3 hounds
  Crazy Yiuf (D:4)
  A gnoll bouda (D:4)
  An iguana (D:4)
  5 orc wizards
  Robin (D:4)
  7 gnolls
  3 adders
  2 white imps
  An ufetubus (D:4)
  A worm (D:2)
  A dart slug (D:1)
  18 orcs
  A bat (D:1)
  4 endoplasms
  5 giant cockroaches
  17 goblins
  6 hobgoblins
  4 jackals (D:2)
  5 quokkas
  8 ball pythons
  4 frilled lizards (D:3)
  5 kobolds
  13 rats
131 creatures vanquished.

Vanquished Creatures (others)
  A centaur (D:6)
  6 plants (D:6)
  3 withered plants (D:4)
10 creatures vanquished.

Grand Total: 141 creatures vanquished

Notes
Turn   | Place    | Note
-------+----------+-------------------------------------------
     0 | D:1      | anonymouscript the Demonspawn Chaos Knight began the quest
                  | for the Orb.
     0 | D:1      | Reached XP level 1. HP: 18/18 MP: 1/1
    60 | D:1      | Reached skill level 3 in Short Blades
    65 | D:1      | Gained mutation: You are partially covered in sharp spines.
                  | [demonic ancestry]
    65 | D:1      | Reached XP level 2. HP: 20/24 MP: 2/2
   538 | D:2      | Reached XP level 3. HP: 29/29 MP: 3/3
   619 | D:2      | XOM: silly message
   918 | D:2      | Found a faded altar of an unknown god.
   918 | D:2      | XOM: 3-stop teleportation journey
  1069 | D:2      | XOM: silly message
  1128 | D:2      | Reached skill level 1 in Stealth
  1179 | D:2      | XOM: silly message
  1702 | D:3      | Reached skill level 1 in Dodging
  1726 | D:3      | Found a sparkling altar of Nemelex Xobeh.
  1749 | D:3      | Gained mutation: You have a pair of small antennae on your
                  | head. [demonic ancestry]
  1749 | D:3      | Reached XP level 4. HP: 35/35 MP: 4/4
  1824 | D:3      | Found a broken altar of Ashenzari.
  1936 | D:4      | You fall into a shaft and drop 2 floors!
  1965 | D:6      | Noticed an ice beast
  1980 | D:6      | Noticed an ice beast
  1980 | D:6      | XOM: potion effect (invisibility)
  1985 | D:5      | Entered Level 5 of the Dungeon
  2154 | D:3      | XOM: 1-stop teleportation journey
  2187 | D:3      | Reached skill level 4 in Short Blades
  2280 | D:3      | XOM: god gift: robe {god gift}
  2345 | D:3      | Found a shadowy altar of Dithmenos.
  2543 | D:4      | Noticed Robin
  2551 | D:4      | Gained mutation: A weak demonic guardian rushes to your
                  | aid. [demonic ancestry]
  2551 | D:4      | Reached XP level 5. HP: 31/40 MP: 5/5
  2564 | D:4      | Killed Robin
  2657 | D:4      | Noticed Blork the orc
  2665 | D:4      | Killed Blork the orc
  2673 | D:4      | XOM: 6-stop teleportation journey
  2767 | D:4      | Found Qujov's Distillery.
  2779 | D:4      | Bought a potion of mutation for 80 gold pieces
  2831 | D:4      | Found a basalt altar of Yredelemnul.
  2836 | D:4      | XOM: cast spell 'Alistair's Intoxication'
  2901 | D:4      | Found a runed translucent door.
  2902 | D:4      | Noticed Crazy Yiuf
  2956 | D:4      | XOM: confuse monster(s)
  2963 | D:4      | Gained mutation: You have a pair of antennae on your head.
                  | [demonic ancestry]
  2963 | D:4      | Reached XP level 6. HP: 39/48 MP: 6/6
  3079 | D:4      | XOM: god gift: bardiche {god gift}
  3094 | D:4      | XOM: give mutation
  3094 | D:4      | Gained mutation: You are strong-willed. (Will+) [Xom's
                  | grace]
  3146 | D:4      | Found an iron altar of Okawaru.
  3266 | D:4      | Killed Crazy Yiuf
  3307 | D:4      | XOM: give mutations
  3307 | D:4      | Gained mutation: You are dopey. (Int -2) [Xom's mischief]
  3307 | D:4      | Gained mutation: Your body sometimes deteriorates upon
                  | taking damage. [Xom's mischief]
  3307 | D:4      | Gained mutation: You have a somewhat thin skeletal
                  | structure. (Dex +2, Stealth+) [Xom's mischief]
  3434 | D:5      | Identified the +6 trident of Adoel {holy, Fly rN+ Will+
                  | Stlth+}
  3434 | D:5      | XOM: smoke on damage
  3578 | D:5      | Gained mutation: You have a pair of large antennae on your
                  | head. (SInv) [demonic ancestry]
  3578 | D:5      | Reached XP level 7. HP: 51/53 MP: 7/7
  3578 | D:5      | Lost mutation: You are dopey. (Int -2) [potion of mutation]
  3578 | D:5      | Lost mutation: Your body sometimes deteriorates upon taking
                  | damage. [potion of mutation]
  3578 | D:5      | Lost mutation: You have a somewhat thin skeletal structure.
                  | (Dex +2, Stealth+) [potion of mutation]
  3603 | D:5      | Reached skill level 5 in Short Blades
  3677 | D:5      | XOM: noise
  3725 | D:5      | XOM: give mutations
  3725 | D:5      | Gained mutation: You are clumsy. (Dex -2) [Xom's mischief]
  3725 | D:5      | Gained mutation: Your body sometimes deteriorates upon
                  | taking damage. [Xom's mischief]
  3754 | D:5      | Found a staircase to the Ecumenical Temple.
  3775 | D:5      | XOM: cloud trail
  3819 | D:5      | XOM: give mutations
  3819 | D:5      | Gained mutation: Your spells are a little harder to cast,
                  | but a little more powerful. [Xom's grace]
  3819 | D:5      | Gained mutation: A frigid envelope surrounds you and
                  | freezes all who hurt you. [Xom's grace]
  3819 | D:5      | Gained mutation: Your movements are slightly less
                  | encumbered by armour. (ER -2) [Xom's grace]
  4181 | D:6      | XOM: 2-stop teleportation journey
  4289 | D:6      | XOM: potion effect (invisibility)
  4295 | D:6      | Reached XP level 8. HP: 61/61 MP: 8/8
  4302 | D:6      | XOM: 2-stop teleportation journey
  4344 | D:6      | XOM: destruction
  4367 | D:6      | Noticed a troll
  4395 | D:6      | XOM: enchant monster (bad)
  4398 | D:6      | Killed a troll
  4399 | D:6      | Reached skill level 6 in Short Blades
  4489 | D:6      | XOM: 3-stop teleportation journey
  4531 | D:7      | XOM: fake destruction
  4535 | D:7      | Reached skill level 5 in Stealth
  4566 | D:7      | XOM: 2-stop teleportation journey
  4572 | D:7      | Noticed Pikel
  4577 | D:7      | XOM: summons 4 hostile demons
  4578 | D:7      | Noticed a sixfirhy
  4589 | D:7      | Slain by a sixfirhy

Illustrated notes

Levels and vault maps discovered:
D:1:      heliophobic_arrival_battle_scene, layout_basic
D:2:      layout_basic, shapermc_ecumenical_altar_petra,
          chequers_serial_rivers_room_a, minmay_misc_feat_five,
          hangedman_decor_diamond_cutter, minmay_rat_gold_closets
D:3:      layout_loops_ring, overflow_temple_1_default,
          nicolae_dithmenos_through_a_glass_darkly, nicolae_ashenzari_panopticon
D:4:      layout_cave_pools, yredelemnul_altar_generic, kennysheep_mini_moat,
          serial_shops, shop, nicolae_kite_square_tiling_tiny,
          uniq_crazy_yiuf_cottage, uniq_robin, uniq_blork_the_orc
D:5:      layout_rooms, mainiacjoe_overflow_24_doors, lemuel_temple_firewalk_a
D:6:      layout_basic, serial_bayou, serial_bayou_shore_b, serial_bayou_pond_d,
          serial_bayou_lagoon_b, serial_bayou_pond_c, eino_tiny_chamber,
          minivault_11, moated_statue, hangedman_abyss_or_decor_passed
D:7:      lemuel_ice_spiral_2, layout_rooms, nzn_wu_jian_council_hall,
          lemuel_crystal_altar, mainiacjoe_overflow_paths, uniq_pikel

Skill      XL: |  1  2  3  4  5  6  7  8 |
---------------+-------------------------+-----
Short Blades   | 3 4 5 6 |  6.3
Armour         | 2 3 |  3.6
Stealth        | 1 2 3 4 5 |  5.2
Dodging        | 1 2 3 4 |  4.4
Fighting       | 4 |  4.9
Evocations     | |  0.6

Action                   |  1- 3 |  4- 6 |  7- 9 || total
-------------------------+-------+-------+-------++-------
Melee: Short sword       |   118 |   151 |    84 ||   353
       Punch             |       |     2 |       ||     2
Evoke: Piece from Xom's  |     2 |     1 |       ||     3
       Wand              |     1 |       |     7 ||     8
  Use: Potion            |       |     5 |     2 ||     7
       Scroll            |       |       |     6 ||     6
 Stab: Sleeping          |     6 |     1 |     1 ||     8
       Confused          |       |     1 |       ||     1
       Invisible         |       |       |     1 ||     1
Armor: Leather armour    |    27 |    35 |    21 ||    83
Dodge: Dodged            |    43 |    83 |    45 ||   171

Table legend: (Time is in decaauts)
 A = Elapsed time spent in this place.
 B = Non-inter-level travel time spent in this place.
 C = Inter-level travel time spent in this place.
 D = Time resting spent in this place.
 E = Time spent auto-exploring this place.
 F = Levels seen in this place.
 G = Mean time per level.
                   A        B        C        D        E       F      G
               +--------+--------+--------+--------+--------+-----+--------+
         Total |   4500 |   4378 |    122 |     65 |   2995 |   7 |  642.9 |
       Dungeon |   4500 |   4378 |    122 |     65 |   2995 |   7 |  642.9 |
               +--------+--------+--------+--------+--------+-----+--------+

Top non-repeatable levels by time:
     D:2: 1110 daAuts
     D:4: 956 daAuts
     D:3: 754 daAuts
     D:6: 648 daAuts
     D:5: 485 daAuts
     D:1: 461 daAuts
     D:7: 83 daAuts
